Map: Pillars of Gold LE

Players

milkicow - Winner!

  • Race: Terran Terran
  • League: Grandmaster
  • Spawn Location: 7:00

SortOf

  • Race: Zerg Zerg
  • League: Grandmaster
  • Spawn Location: 1:00

Event: DreamHack SC2 Masters 2020 Winter

VOD

Have the link to the VOD?

Description

Time

  • Played on: Oct. 18, 2020, 2:59 p.m.
  • Length: 18:20

All games in this series

Show
View Real Time Build Order
Export as new Build Order

milkicow Terran - Winner!

Build Orders: Reaper Expand 

Get SALT Encoding   

  12  0:00  SCV  
  13  0:12  SCV  
  14  0:17  Supply Depot  
  14  0:24  SCV  
  15  0:39  SCV  
  15  0:40  Barracks  
  16  0:44  Refinery  
  16  0:51  SCV  
  17  1:03  SCV  
  18  1:15  SCV  
  19  1:27  Reaper, Orbital Command  
  20  1:43  Command Center  
  20  1:53  SCV  
  21  1:55  Supply Depot  
  21  1:59  Marine  
  22  2:05  SCV  
  23  2:11  Factory  
  23  2:17  SCV  
  23  2:21  Barracks Reactor  
  24  2:29  SCV  
  25  2:41  SCV  
  26  2:46  Command Center  
  26  2:53  SCV  
  26  2:56  Orbital Command  
  27  3:02  Refinery  
  27  3:08  SCV  
  27  3:11  Starport  
  28  3:16  Hellion  
  30  3:20  SCV  
  30  3:22  SCV  
  30  3:26  Hellion  
  34  3:32  SCV  
  34  3:34  SCV  
  36  3:39  Hellion  
  38  3:44  SCV  
  38  3:46  SCV  
  40  3:49  Hellion, Starport Tech Lab  
  42  3:56  SCV  
  42  3:58  SCV  
  42  4:00  Orbital Command  
  44  4:03  Hellion  
  44  4:08  SCV, Raven  
  49  4:10  SCV, Supply Depot, Barracks Tech Lab  
  49  4:17  Hellion  
  52  4:20  SCV  
  52  4:22  SCV  
  54  4:25  Hellion  
  54  4:27  SCV  
  57  4:32  SCV, Stimpack, Marine  
  57  4:33  Supply Depot  
  57  4:34  SCV  
  60  4:39  SCV  
  60  4:43  Hellion  
  60  4:45  SCV  
  64  4:46  SCV  
  64  4:50  Marine  
  64  4:51  SCV  
  69  5:00  Supply Depot  
  69  5:01  Starport Reactor  
  69  5:02  SCV  
  69  5:03  Barracks  
  69  5:06  SCV, Barracks  
  69  5:08  Refinery  
  69  5:09  SCV, Engineering Bay  
  69  5:11  Engineering Bay  
  69  5:14  SCV, Marine  
  71  5:17  Siege Tank  
  73  5:21  SCV  
  73  5:24  SCV, Supply Depot  
  73  5:25  Supply Depot  
  75  5:28  Refinery  
  75  5:30  SCV  
  75  5:31  Marine  
  77  5:36  SCV  
  77  5:37  Terran Infantry Weapons Level 1, Terran Infantry Armor Level 1  
  77  5:38  Orbital Command  
  77  5:42  SCV  
  79  5:49  SCV, Marine  
  81  5:54  Marine x2  
  81  5:55  Starport Reactor, Siege Tank  
  81  5:56  Barracks x2  
  86  5:59  Marine  
  86  6:02  Marine  
  86  6:04  SCV  
  89  6:06  SCV  
  89  6:07  Marine  
  89  6:10  Bunker  
  91  6:12  SCV, Marine  
  91  6:16  SCV, Supply Depot  
  91  6:17  Supply Depot, Marine x2  
  96  6:20  Marine  
  96  6:22  SCV  
  96  6:25  Marine  
  99  6:29  Marine  
  100  6:35  Marine  
  100  6:37  SCV, Supply Depot, Marine, Medivac x2  
  100  6:38  Marine, Siege Tank  
  100  6:39  SCV  
  112  6:41  Armory  
  112  6:43  Marine  
  112  6:46  Supply Depot  
  113  6:47  Marine  
  113  6:49  SCV  
  113  6:53  SCV, Combat Shield, Marine  
  117  6:54  Barracks Reactor x2  
  117  6:58  SCV, Marine x2  
  117  7:00  Marine  
  121  7:01  SCV  
  121  7:05  Marine  
  123  7:09  Medivac x2  
  123  7:14  Supply Depot, Refinery x2, Marine  
  128  7:16  SCV  
  128  7:20  Supply Depot  
  129  7:24  Marine x2  
  129  7:25  Marine  
  129  7:26  SCV  
  129  7:29  Supply Depot x2  
  133  7:30  Supply Depot  
  133  7:34  Supply Depot  
  133  7:36  SCV, Siege Tank  
  137  7:37  SCV  
  137  7:41  Marine  
  139  7:50  SCV  
  129  7:52  Marine x4  
  129  7:54  SCV, Marine  
  129  7:57  Marine  
  131  7:58  Marine  
  131  8:01  Command Center, Marine  
  131  8:02  Marine  
  131  8:04  Factory  
  134  8:10  Marine x4  
  134  8:13  Marine  
  134  8:14  Medivac, Siege Tank  
  134  8:15  SCV, Medivac  
  134  8:17  Marine  
  134  8:18  SCV  
  141  8:20  Marine  
  141  8:21  SCV  
  141  8:24  Marine  
  142  8:33  Marine  
  134  8:34  Marine x2  
  134  8:36  Marine  
  134  8:37  Marine  
  134  8:38  Marine  
  134  8:40  Terran Infantry Armor Level 2, Marine, Terran Infantry Weapons Level 2  
  131  8:42  Marine  
  131  8:44  Marine, Factory  
  131  8:46  Siege Tank  
  136  8:51  Marine  
  136  8:52  Marine x2  
  136  8:54  Marine  
  136  8:55  SCV, Marine  
  141  8:56  Marine  
  141  8:57  SCV  
  141  8:59  Marine  
  141  9:00  Marine  
  141  9:02  Marine  
  140  9:04  Medivac x2  
  140  9:05  SCV  
  140  9:09  Marine  
  135  9:10  Marine x2  
  135  9:12  Marine  
  135  9:13  SCV, Marine  
  139  9:19  Factory Tech Lab  
  139  9:21  Marine x3  
  139  9:22  Siege Tank  
  146  9:27  Marine x2  
  146  9:28  Marine  
  146  9:30  Marine  
  146  9:31  Marine  
  150  9:32  Factory Tech Lab  
  150  9:39  Siege Tank  
  150  9:41  Barracks  
  150  9:42  Terran Vehicle Weapons Level 1, Barracks  
  150  9:43  Planetary Fortress  
  150  9:45  Marine, Barracks  
  153  9:46  Marine x2  
  153  9:47  Marine x2  
  153  9:51  Marine  
  159  9:54  Marine  
  159  9:55  Marine  
  159  9:56  Marine  
  159  10:03  Marine, Siege Tank  
  159  10:04  Marine x2  
  159  10:05  Marine x2  
  160  10:09  Marine  
  160  10:12  Marine  
  160  10:13  Marine x2  
  144  10:21  Marine x2, Siege Tank x2  
  138  10:22  Marine x2  
  138  10:23  Marine  
  138  10:27  Marine  
  143  10:30  Marine  
  143  10:31  Marine x2  
  143  10:33  SCV, Barracks Tech Lab  
  143  10:34  Barracks Tech Lab x2  
  143  10:35  Siege Tank  
  142  10:36  Liberator x2  
  142  10:39  Marine  
  142  10:40  SCV, Marine  
  142  10:42  Marine  
  152  10:47  Marine  
  153  10:50  Command Center  
  153  10:51  Marine  
  153  10:56  SCV  
  153  10:57  Marine  
  155  11:00  Siege Tank  
  155  11:01  Siege Tank  
  155  11:02  Marauder  
  164  11:04  Command Center, Marauder  
  164  11:13  Marauder  
  164  11:14  Marine  
  164  11:15  Siege Tank  
  170  11:24  Marine  
  168  11:27  Marauder  
  168  11:28  Marauder  
  168  11:32  Missile Turret, Sensor Tower  
  172  11:33  Cyclone  
  172  11:34  Missile Turret  
  172  11:35  Sensor Tower  
  172  11:38  Marine x3  
  172  11:39  Marauder, Siege Tank  
  184  11:41  Marine  
  183  11:47  Marine  
  183  11:49  Marauder x2  
  183  11:51  Terran Infantry Weapons Level 3  
  183  11:53  Refinery  
  186  11:54  Refinery  
  186  11:55  Missile Turret  
  186  12:01  Marauder, Marine  
  186  12:07  Marauder, Marine  
  194  12:16  Marauder  
  194  12:20  Siege Tank  
  188  12:34  Marine  
  188  12:35  Marauder  
  185  12:39  Marauder  
  185  12:42  Marauder  
  185  12:43  Marine x2  
  185  12:44  Marauder  
  164  12:45  Marine  
  164  12:46  Marine x4  
  164  12:47  Siege Tank  
  164  12:48  SCV  
  164  12:49  Orbital Command  
  172  12:55  SCV, Marine  
  172  12:56  Marauder  
  167  13:00  Marauder  
  167  13:01  Marine x2  
  167  13:02  Marine  
  167  13:03  Marine  
  167  13:05  Marine  
  170  13:06  Marine  
  170  13:07  Marauder, Marine x2  
  169  13:12  Marine  
  169  13:18  Marauder  
  169  13:19  Marine x2, Siege Tank  
  164  13:21  SCV, Marauder, Marine  
  166  13:33  Marine  
  162  13:34  Orbital Command  
  162  13:38  Supply Depot x2  
  162  13:40  Supply Depot  
  162  13:41  SCV, Command Center  
  162  13:43  Siege Tank  
  162  13:45  Marauder, Marine x5  
  162  13:48  Marauder  
  162  13:58  SCV, Marauder  
  162  13:59  SCV x3  
  162  14:02  Siege Tank  
  168  14:04  Marine  
  168  14:06  Marine x2  
  168  14:07  Marine  
  164  14:11  Marauder, Marine  
  164  14:12  Marine x3  
  164  14:16  Marauder  
  164  14:17  Planetary Fortress  
  172  14:19  SCV  
  172  14:24  SCV  
  172  14:27  SCV  
  172  14:28  Missile Turret, Sensor Tower  
  173  14:31  Marine x2  
  173  14:32  Siege Tank  
  173  14:36  Neosteel Armor  
  178  14:39  Armory  
  176  14:55  Marine  
  176  14:57  Marauder, Marine, Siege Tank  
  176  14:58  Marauder x2  
  176  14:59  Refinery x2  
  187  15:03  Ghost Academy  
  187  15:04  Marine  
  177  15:10  Siege Tank  
  177  15:13  SCV  
  149  15:14  Siege Tank  
  149  15:16  Marine x7  
  149  15:17  Medivac x2  
  149  15:18  Marine x2  
  149  15:19  Marauder  
  160  15:25  SCV  
  160  15:27  Marauder  
  161  15:29  SCV, Siege Tank  
  161  15:31  Orbital Command  
  161  15:34  SCV  
  161  15:35  SCV  
  160  15:36  Marine x3  
  160  15:37  SCV, Marauder x2, Marine  
  160  15:40  Marauder, Marine  
  160  15:42  Siege Tank  
  155  15:47  Marine  
  155  15:48  SCV, Marine x2  
  141  15:50  Marauder  
  141  15:53  Widow Mine, Marine x2  
  141  15:54  Marine  
  141  15:56  SCV  
  137  16:06  Siege Tank  
  138  16:14  Orbital Command  
  138  16:15  SCV  
  138  16:20  Marine  
  138  16:21  Marauder  
  138  16:23  SCV, Marauder, Marine  
  138  16:25  Marauder  
  147  16:28  Factory Tech Lab  
  147  16:29  Marauder, Marine  
  147  16:31  SCV, Marine  
  152  16:37  Concussive Shells, Marine  
  152  16:38  Siege Tank  
  148  16:42  Marauder  
  148  16:44  Marauder  
  148  16:45  Marine, Siege Tank  
  148  16:46  Marauder  
  152  16:51  Medivac x2, Marauder  
  155  16:55  Refinery  
  155  16:57  Refinery  
  155  17:02  Orbital Command  
  155  17:03  Ghost  
  155  17:05  Marine  
  155  17:06  Marine x2  
  160  17:12  Command Center  
  160  17:13  Marauder  
  162  17:19  Siege Tank  
  162  17:20  Marine x4  
  162  17:21  Medivac, Marauder, Marine x2  
  173  17:37  Marauder, Marine  
  173  17:38  Marauder  
  173  17:42  Marauder, Marine  
  181  17:44  Refinery x2, Marine  
  181  17:45  Marauder  
  181  17:49  Marine x2  
  186  17:59  Marauder  
Show
View Real Time Build Order
Export as new Build Order

SortOf Zerg 

Build Orders: Hatch First, Lurkers 

Get SALT Encoding   

  12  0:00  Drone  
  13  0:12  Overlord  
  13  0:18  Drone  
  14  0:31  Drone x2  
  16  0:50  Hatchery  
  16  0:53  Drone  
  16  0:58  Drone  
  16  1:04  Drone  
  18  1:16  Extractor  
  17  1:18  Spawning Pool  
  17  1:21  Drone  
  17  1:26  Drone  
  17  1:30  Drone  
  19  1:40  Drone  
  20  1:51  Overlord  
  20  2:05  Queen x2  
  20  2:06  Zergling x4  
  26  2:14  Drone x2  
  28  2:30  Hatchery  
  28  2:32  Drone  
  28  2:36  Drone  
  29  2:38  Drone  
  29  2:41  Drone  
  31  2:50  Overlord  
  31  2:54  Drone, Metabolic Boost  
  31  2:56  Drone  
  33  2:59  Drone  
  33  3:05  Queen  
  34  3:09  Drone  
  34  3:12  Overlord  
  37  3:14  Drone  
  37  3:17  Drone  
  39  3:21  Drone x2  
  39  3:26  Queen  
  43  3:30  Overlord  
  43  3:34  Drone  
  43  3:35  Drone  
  43  3:40  Drone  
  43  3:41  Drone  
  47  3:43  Queen  
  49  3:50  Zergling x4  
  49  3:53  Drone x3  
  54  3:58  Overlord  
  54  4:00  Drone  
  54  4:02  Drone  
  56  4:03  Overlord  
  56  4:13  Queen  
  56  4:14  Overlord  
  56  4:15  Zergling x6  
  62  4:17  Drone  
  62  4:19  Drone  
  62  4:20  Drone  
  65  4:24  Drone  
  65  4:31  Drone x2  
  67  4:35  Queen  
  70  4:38  Evolution Chamber, Drone x2  
  70  4:39  Evolution Chamber, Drone  
  70  4:41  Drone x2  
  71  4:47  Drone x2  
  71  4:50  Drone  
  74  4:54  Spore Crawler  
  74  4:57  Drone x3, Extractor  
  74  4:59  Spore Crawler  
  74  5:04  Zergling x2  
  75  5:08  Drone x4  
  75  5:11  Zerg Melee Weapons Level 1, Zerg Ground Armor Level 1  
  75  5:12  Overlord  
  79  5:14  Overlord  
  79  5:17  Drone  
  79  5:18  Zergling x2  
  79  5:19  Zergling x4  
  83  5:25  Extractor  
  83  5:28  Extractor, Drone x5, Baneling Nest  
  86  5:30  Extractor  
  86  5:32  Zergling x2  
  85  5:37  Spore Crawler, Queen  
  85  5:40  Drone x3  
  89  5:43  Spore Crawler  
  89  5:45  Lair  
  89  5:46  Overlord  
  89  5:49  Drone x3  
  92  5:53  Drone  
  92  5:55  Hatchery, Drone  
  94  5:57  Drone  
  94  6:02  Drone  
  95  6:05  Drone x2  
  95  6:07  Drone x3  
  95  6:08  Drone x2  
  102  6:17  Extractor  
  101  6:18  Overlord  
  101  6:19  Zergling x10, Hatchery  
  101  6:23  Zergling x2  
  101  6:24  Baneling x7  
  105  6:38  Overlord  
  106  6:40  Zergling x12  
  106  6:43  Centrifical Hooks  
  117  6:47  Zergling x12  
  117  7:00  Drone x2  
  119  7:02  Hydralisk Den  
  119  7:05  Infestation Pit  
  117  7:11  Zergling x12, Overseer  
  123  7:16  Overlord  
  123  7:17  Pneumatized Carapace  
  123  7:25  Zerg Ground Armor Level 2, Zerg Melee Weapons Level 2  
  123  7:26  Drone x9  
  132  7:30  Drone x2  
  134  7:38  Zergling x12  
  134  7:39  Extractor  
  134  7:42  Zergling x6  
  141  7:48  Zergling x4  
  141  7:50  Zergling x4  
  128  7:54  Zergling x6  
  128  7:55  Zergling x6  
  127  8:00  Zergling x4  
  127  8:05  Zergling x10  
  130  8:12  Drone x2  
  124  8:18  Zergling x4  
  124  8:19  Zergling x2  
  123  8:21  Baneling x4  
  123  8:22  Queen  
  123  8:24  Zergling x8  
  122  8:27  Queen x3  
  122  8:33  Hydralisk x11  
  132  8:36  Hydralisk  
  125  8:43  Hydralisk x4  
  129  8:50  Zergling x2  
  129  8:53  Zergling x2, Queen  
  131  8:58  Queen  
  131  9:00  Zergling x6  
  131  9:01  Zergling x4  
  132  9:04  Zergling x6  
  132  9:05  Zergling x2  
  132  9:06  Overlord  
  128  9:14  Hive  
  125  9:17  Baneling x4  
  125  9:22  Lurker Den  
  124  9:29  Muscular Augments  
  124  9:30  Zergling x14  
  131  9:36  Baneling  
  131  9:40  Zergling x20  
  131  9:41  Zerg Missile Weapons Level 1  
  141  9:51  Zergling x2  
  141  9:53  Baneling x7  
  141  9:54  Queen  
  134  10:01  Zergling x2  
  134  10:02  Zergling x14  
  134  10:06  Zergling x18  
  126  10:14  Zergling x14  
  126  10:17  Zergling x2  
  126  10:21  Baneling x4  
  126  10:25  Drone x6  
  126  10:26  Viper  
  126  10:31  Zergling x4  
  126  10:35  Lurker x5  
  129  10:38  Viper  
  129  10:40  Grooved Spines  
  127  10:43  Queen  
  127  10:46  Seismic Spines  
  127  10:47  Viper  
  132  10:51  Zergling x8  
  132  10:52  Lurker  
  137  10:58  Zergling x10  
  135  11:11  Zergling x12  
  135  11:13  Zergling x2  
  135  11:14  Zergling x2  
  135  11:17  Zergling x4  
  137  11:25  Drone x2  
  137  11:26  Drone  
  137  11:27  Extractor  
  137  11:29  Hydralisk  
  141  11:33  Zerg Ground Armor Level 3  
  141  11:43  Overlord  
  141  11:47  Overlord  
  141  11:48  Overlord  
  141  11:49  Hatchery  
  141  11:50  Adrenal Glands  
  139  11:59  Overlord  
  139  12:00  Hydralisk  
  141  12:02  Overlord, Hydralisk x4  
  141  12:06  Hydralisk x5  
  141  12:08  Baneling x2  
  158  12:10  Lurker  
  159  12:22  Adaptive Talons  
  159  12:25  Extractor  
  159  12:29  Viper  
  161  12:32  Zergling x14  
  145  12:45  Hydralisk x7  
  145  12:50  Lurker  
  147  12:52  Zergling x16  
  151  13:01  Zergling x2  
  151  13:02  Baneling x4  
  149  13:05  Zergling x6  
  149  13:11  Drone x3  
  153  13:19  Hydralisk x3  
  133  13:28  Zergling x8  
  130  13:35  Zergling x2  
  130  13:36  Lurker  
  131  13:43  Zergling x14  
  131  13:48  Drone x5  
  134  13:51  Lurker x2  
  134  13:55  Zergling x4  
  138  13:56  Baneling x2  
  133  14:03  Zergling x10  
  126  14:12  Zergling x10  
  126  14:14  Queen  
  126  14:16  Extractor  
  132  14:19  Lurker x2  
  132  14:22  Zergling x10  
  139  14:36  Extractor  
  139  14:37  Zergling x10, Hatchery  
  142  14:41  Extractor  
  142  14:42  Hydralisk x3  
  148  14:51  Hydralisk x4  
  142  15:07  Hydralisk x3  
  142  15:08  Hydralisk x2  
  132  15:18  Hydralisk x4  
  131  15:22  Zergling x12  
  131  15:24  Hatchery  
  131  15:25  Lurker  
  131  15:37  Zergling x10  
  131  15:39  Zergling x2  
  122  15:46  Hydralisk  
  114  15:50  Zergling x4  
  114  15:53  Lurker  
  107  16:14  Lurker x5  
  107  16:16  Zergling x4  
  114  16:24  Zergling x6  
  116  16:26  Baneling x2  
  116  16:27  Baneling  
  113  16:36  Hydralisk  
  101  16:49  Hydralisk  
  101  16:52  Lurker  
  101  16:53  Zergling x2  
  100  16:59  Viper x2  
  106  17:04  Lurker x3  
  106  17:07  Hydralisk  
  106  17:08  Zergling x4  
  112  17:21  Drone x5  
  116  17:37  Hydralisk x3  
  120  17:51  Hydralisk x2  
  118  17:58  Lurker x3  
Tags
 
Add a new tag
Caveats
  • Supply blocks, unpowered buildings, or Contaminate may cause inaccurate times.
  • Supply counts are checked every 10 seconds.